 Dungeon Crawl Stone Soup version 0.19.0-19-g8c6edcc (webtiles) character file.

130 mopl the Sneak (level 4, 0/21 HPs)
             Began as a Spriggan Wanderer on Nov 13, 2016.
             Slain by an orc wizard
             ... wielding a +0 dagger
              (5 damage)
             ... on level 2 of the Dungeon.
             The game lasted 00:05:05 (2723 turns).

mopl the Sneak (Spriggan Wanderer)                  Turns: 2723, Time: 00:05:05

Health: 0/21       AC:  2    Str: 10    XL:     4   Next: 90%
Magic:  7/7        EV: 15    Int: 13    God:
Gold:   140        SH:  3    Dex: 14    Spells: 0 memorised, 5 levels left

rFire  . . .     SeeInvis +     a - +1 dagger (speed)
rCold  . . .     Gourm    .     e - +0 robe
rNeg   + . .     Faith    .     (shield restricted)
rPois  .         Spirit   .     (helmet restricted)
rElec  .         Reflect  +     (no cloak)
rCorr  .         Harm     .     (gloves unavailable)
MR     +....                    (boots unavailable)
Stlth  +++.......               p - +3 amulet of reflection
                                v - ring of positive energy
                                g - ring of protection from magic

@: very quick
A: unfitting armour, see invisible, herbivore 3, speed 3, slow metabolism 2
a: no special abilities


You were on level 2 of the Dungeon.
You were not hungry.

You visited 1 branch of the dungeon, and saw 3 of its levels.

You collected 140 gold pieces.

Inventory:

Hand Weapons
 a - a +1 dagger of speed (weapon)
 b - a +0 hunting sling
 c - a +0 short sword
 h - a +2 dagger
 n - a +0 rapier
Missiles
 i - 58 stones (quivered)
 r - 3 tomahawks
Armour
 e - a +0 robe (worn)
 t - a +0 buckler
Jewellery
 g - a ring of protection from magic (left hand)
 p - a +3 amulet of reflection (around neck)
 v - a ring of positive energy (right hand)
Scrolls
 j - a scroll of amnesia {unknown}
 k - 2 scrolls of teleportation {unknown}
 l - a scroll of fear {unknown}
 o - a scroll of recharging {unknown}
 q - 2 scrolls of identify {unknown}
Potions
 m - 2 potions of heal wounds
 s - 2 potions of curing {unknown}
Books
 d - the Incunabulum of Dislocation

   Spells                             Type                      Level
   a - Shroud of Golubria             Charms/Translocation         2
   b - Blink                          Translocation                2
Comestibles
 f - 3 bread rations
 u - a slice of pizza


   Skills:
 * Level 4.0 Short Blades
 + Level 1.5 Throwing
 * Level 5.6 Stealth
 - Level 1.3 Spellcasting
   Level 3.0 Charms
   Level 3.0 Translocations
   Level 1.3 Evocations


You had 5 spell levels left.
You didn't know any spells.

Dungeon Overview and Level Annotations

Branches:
Dungeon (3/15)

Altars:


Innate Abilities, Weirdness & Mutations

You are very small and have problems with some larger weapons.
You are too small for most types of armour.
You have supernaturally acute eyesight. (SInv)
You are a herbivore.
You cover ground extremely quickly.
You need consume almost no food.


Message History

You barely miss the orc wizard.
The orc wizard is heavily wounded.
You barely miss the orc wizard.
The orc wizard is heavily wounded.
The orc wizard completely misses you.
You hit the orc wizard.
The orc wizard is heavily wounded.
You hit the orc wizard.
The orc wizard is severely wounded.
You block the orc wizard's attack.
You hit the orc wizard.
The orc wizard is almost dead.
The orc wizard casts a spell.
The orc wizard flickers and vanishes for a moment.
You closely miss the orc wizard.
The orc wizard is severely wounded.
You miss the orc wizard.
The orc wizard is severely wounded.
The orc wizard hits you with a dagger.
You die...

........>.....#.#
#######.......#.#
#.#..#..#.#### ###
#....#.......# ..#
#.#..#.#####.# #.# #.#....#
#.# #.#####.#.########.#
>................#.######
#.###.#.########@#......#
#.#...#.....####o#......#
#.#.####................#
#.#...#..........#......#
..###)#......######.....#
#####...#...## ##..###
.......###.#########..######
######## #.###.............#
#### #.#.....###..####.#


You could see an orc wizard (invisible).

Vanquished Creatures
  Natasha (D:3)
  3 adders (D:2)
  2 oozes (D:1)
  A worm (D:2)
  4 dart slugs
  4 leopard geckos
  3 giant cockroaches (D:1)
  9 goblins
  5 hobgoblins
  A quokka (D:2)
  A ball python (D:3)
  5 bats
  5 frilled lizards
  6 kobolds
  5 rats
55 creatures vanquished.

Vanquished Creatures (others)
  A kobold (D:1)
1 creature vanquished.

Grand Total: 56 creatures vanquished

Notes
Turn   | Place    | Note
-------+----------+-------------------------------------------
     0 | D:1      | mopl the Spriggan Wanderer began the quest for the Orb.
     0 | D:1      | mopl set off with: a +2 dagger, a potion of heal wounds, a +0 short sword, the Incunabulum of Dislocation, a +0 robe, a bread ration
     0 | D:1      | Reached XP level 1. HP: 9/9 MP: 3/3
     0 | D:1      | Identified the Incunabulum of Dislocation
   292 | D:1      | Reached XP level 2. HP: 9/13 MP: 5/5
   446 | D:1      | Reached skill level 4 in Stealth
  1062 | D:1      | Reached skill level 3 in Short Blades
  1062 | D:1      | Reached XP level 3. HP: 12/16 MP: 6/6
  1819 | D:2      | Reached skill level 1 in Throwing
  1833 | D:2      | Reached skill level 5 in Stealth
  2095 | D:2      | Reached XP level 4. HP: 21/21 MP: 7/7
  2587 | D:3      | Noticed Natasha
  2609 | D:3      | Killed Natasha
  2609 | D:3      | Reached skill level 4 in Short Blades
  2723 | D:2      | Slain by an orc wizard

Skill      XL: |  1  2  3  4 |
---------------+-------------+-----
Stealth        | 4 5 |  5.6
Short Blades   | 3 4 |  4.0
Throwing       | 1 |  1.5
Spellcasting   | |  1.3
Charms         | |  3.0
Translocations | |  3.0
Evocations     | |  1.3

Action                   |  1- 3 |  4- 6 || total
-------------------------+-------+-------++-------
Melee: Dagger            |   145 |    59 ||   204
 Fire: Hunting sling     |     3 |    10 ||    13
 Stab: Sleeping          |    12 |     5 ||    17
       Distracted        |       |     1 ||     1
Armor: Robe              |     7 |     1 ||     8
Dodge: Dodged            |    39 |    17 ||    56
Block: Other             |     7 |     4 ||    11
       Reflection        |     2 |       ||     2
